 Dungeon Crawl Stone Soup version 0.31-a0-175-g9f7f995f2b (webtiles) character file.

Game seed: 12793735955359183370

96 Moral the Trooper (level 4, 0/38 HPs)
             Began as a Barachi Fighter on June 17, 2023.
             Killed from afar by Natasha (6 damage)
             ... with a magic dart
             ... on level 2 of the Dungeon.
             The game lasted 00:05:02 (1528 turns).

Moral the Trooper (Barachi Fighter)                 Turns: 1528, Time: 00:05:03

Health: 0/38       AC:  7    Str: 18    XL:     4   Next: 67%
Magic:  4/4        EV:  9    Int:  8    God:
Gold:   116        SH:  5    Dex: 13    Spells: 3/3 levels left

rFire   . . .        a - +0 long sword
rCold   . . .        c - +0 buckler
rNeg    + . .        b - +0 scale mail
rPois   .            (no helmet)
rElec   .            (no cloak)
rCorr   .            (no gloves)
SInv    .            (no boots)
Will    .....        (no amulet) Stlth
                     j - ring of positive energy
HPRegen 0.26/turn    (no ring)
MPRegen 0.09/turn

%: no passive effects
@: slow
A: amphibious, slowness 1, strong legs 1, +LOS
a: Hop


You were on level 2 of the Dungeon.
You visited 1 branch of the dungeon, and saw 2 of its levels.

You collected 116 gold pieces.

Inventory:

Hand Weapons
 a - a +0 long sword (weapon)
Armour
 b - a +0 scale mail (worn)
 c - a +0 buckler (worn)
Jewellery
 j - a ring of positive energy (left hand)
Scrolls
 e - 2 scrolls of poison {unknown}
 g - a scroll of enchant armour {unknown}
 h - a scroll of blinking {unknown}
 k - 4 scrolls of fog {unknown}
 l - 2 scrolls of acquirement {unknown}
 n - 2 scrolls of identify
Potions
 d - a potion of might
 f - a potion of attraction {unknown}
 i - a potion of curing {unknown}
 m - 2 potions of ambrosia {unknown}


   Skills:
 * Level 4.7 Fighting
 * Level 3.8 Long Blades
 + Level 4.1 Armour
 + Level 3.8 Shields


You had 3 spell levels left.
You didn't know any spells.
Your spell library contained the following spells:

 Spells                   Type           Power      Damage    Failure   Level
 Apportation              Tloc           0%         N/A       86%         1
 Necrotise                Necr           0%         1d4       86%         1
 Summon Small Mammal      Summ           0%         N/A       86%         1


Dungeon Overview and Level Annotations

Branches:
Dungeon (2/15)

Altars:

Annotations:
D:2 Natasha


Innate Abilities, Weirdness & Mutations

You are amphibious.
You cover ground slowly.
You can hop short distances.
You have an extended range of vision and can be seen from far away.


Message History

You hit Natasha.
Natasha is moderately wounded.
The cerulean imp hits you with a +3 spear.
The cerulean imp hits you but does no damage.
Natasha claws you.
The cerulean imp hits you with a +3 spear.
You closely miss Natasha.
Natasha is moderately wounded.
The cerulean imp hits you but does no damage.
Natasha claws you.
The cerulean imp hits you with a +3 spear.
You hit Natasha but do no damage.
Natasha is moderately wounded.
The cerulean imp hits you but does no damage.
Natasha closely misses you. The cerulean imp barely misses you.
You block the cerulean imp's attack.
Natasha mewls in sadness.
Natasha claws you but does no damage.
You hit Natasha.
Natasha is heavily wounded.
The cerulean imp hits you but does no damage.
The cerulean imp barely misses you.
Natasha mumbles some strange words.
The cerulean imp hits you with a +3 spear!
* * * LOW HITPOINT WARNING * * *
You hit Natasha.
Natasha is severely wounded.
The cerulean imp hits you but does no damage.
Natasha claws you.
* * * LOW HITPOINT WARNING * * *
The cerulean imp closely misses you.
You hit Natasha but do no damage.
Natasha is severely wounded.
The cerulean imp disappears in a puff of smoke!
The cerulean imp hits you but does no damage.
Natasha wildly gestures.
Natasha's front paws start to glow.
Natasha stares at you and mumbles some strange words.
The magic dart hits you.
You die...

###.......# #...........###......
#.#.###.# #.##........# ##.####
#.#.).#.# #.##...)....# #.#
#.###.#.# #.##........# #.#
#.......# #.##........# ##'##
#####.### #.........#.###..<##
####.# ####....###.##.....##
##.##.# #.#5.# #.#.......#
###...#.########@§..###..........
................h............†...
###...#.######.5.......#.........
##.##.# #..##..#..##.......#
####.# #..###.#..###.....## #.#
#..##..#..# ##...## #.#
#..##.##..# ##'## #.# #..##.##..#
#.# ######.# #.........# #.#


You could see Natasha and 2 cerulean imps.

Vanquished Creatures
  Natasha (D:2)
  2 adders (D:2)
  A worm (D:2)
  3 dart slugs
  6 endoplasms
  A giant cockroach (D:2)
  4 goblins
  7 hobgoblins
  A quokka (D:1)
  3 ball pythons
  3 bats
  2 frilled lizards
  5 kobolds
  4 rats
43 creatures vanquished.

Notes
Turn   | Place    | Note
-------+----------+-------------------------------------------
     0 | D:1      | Moral the Barachi Fighter began the quest for the Orb.
     0 | D:1      | Reached XP level 1. HP: 18/18 MP: 1/1
   143 | D:1      | Reached XP level 2. HP: 24/25 MP: 2/2
   396 | D:1      | Reached XP level 3. HP: 20/30 MP: 3/3
   792 | D:2      | Noticed Natasha
   795 | D:2      | Killed Natasha
   796 | D:2      | Reached XP level 4. HP: 32/38 MP: 4/4
  1514 | D:2      | Noticed Natasha
  1528 | D:2      | Killed from afar by Natasha

Illustrated notes

Levels and vault maps discovered:
D:1:      minmay_arrival_four_circles, layout_rooms, serial_glass,
          glass_columns_b, glass_columns_a
D:2:      layout_loops_corners, dk_noncrumbling_4, uniq_natasha

Skill      XL: |  1  2  3 |
---------------+----------+-----
Fighting       | 4 |  4.7
Long Blades    | 3 |  3.8
Armour         | 4 |  4.1
Shields        | |  3.8

Action                     |  1- 3 |  4- 6 || total
---------------------------+-------+-------++-------
  Melee: Long sword        |    86 |    52 ||   138
    Use: Scroll            |     2 |       ||     2
 Armour: Scale mail        |    44 |    28 ||    72
  Dodge: Dodged            |    44 |    27 ||    71
  Block: Buckler           |    26 |    10 ||    36

Table legend: (Time is in decaauts)
 A = Elapsed time spent in this place.
 B = Non-inter-level travel time spent in this place.
 C = Inter-level travel time spent in this place.
 D = Time resting spent in this place.
 E = Time spent auto-exploring this place.
 F = Levels seen in this place.
 G = Mean time per level.
                   A        B        C        D        E       F      G
               +--------+--------+--------+--------+--------+-----+--------+
         Total |   1793 |   1767 |     26 |      0 |   1165 |   2 |  896.5 |
       Dungeon |   1793 |   1767 |     26 |      0 |   1165 |   2 |  896.5 |
               +--------+--------+--------+--------+--------+-----+--------+

Top non-repeatable levels by time:
     D:2: 1115 daAuts
     D:1: 677 daAuts
